AoeStats
← briantorresr25

Arena

510417475Analyzed
3v3 RM · 9h ago on Sep 30, 2026· 46m 12s· 6 players
Game mode
Random Map
Map size
Normal (6 player)
Population
200
Speed
Normal
Resources
Standard
Victory
Conquest
Starting age
Dark Age
Ending age
Imperial Age
RankedLock teamsTeams togetherTeam positionsShared explorationLock speedFull tech treeHidden civsTurbo modeCheats
Victory
Defeat
🇺🇸 Slavs · United States
1104
+16
🇺🇸 Varangians · United States
1061
+18
🇺🇸 Khmer · United States
1024
+19
🇨🇴 Persians · Colombia
1129
-19
🇳🇱 Cumans · Netherlands
1103
-18
🇨🇴 Hindustanis · Colombia
1064
-16
chairtablelamp
10:20 Feudal Age
9:30 Loom
15:13 Castle Age
13:35 Double-Bit Axe
13:42 Horse Collar
19:26 Wheelbarrow
18:39 Town Watch
20:48 Heavy Plow
21:14 Bow Saw
23:16 Gold Mining
25:25 Hand Cart
25:11 Town Patrol
28:33 Imperial Age
27:06 Squires
26:27 Man-at-Arms
26:28 Pikeman
27:11 Scale Mail Armor
28:03 Forging
28:09 Chain Mail Armor
28:35 Detinets
29:23 Iron Casting
28:10 Long Swordsman
29:36 Conscription
29:24 Two-Handed Swordsman
31:18 Hoardings
32:30 Two-Man Saw
32:15 Scale Barding Armor
33:14 Blast Furnace
32:28 Bloodlines
32:20 Husbandry
33:06 Gold Shaft Mining
32:23 Stone Mining
32:51 Fletching
33:24 Ballistics
34:05 Chemistry
33:21 Masonry
32:43 Cavalier
34:26 Chain Barding Armor
35:13 Bodkin Arrow
37:29 Plate Barding Armor
36:25 Halberdier
37:41 Druzhina
38:57 Plate Mail Armor
40:22 Light Cavalry
43:51 Hussar
43:57 Champion
44:10 Capped Ram
[512] kdyer3827
10:37 Feudal Age
11:26 Double-Bit Axe
15:22 Castle Age
13:25 Horse Collar
16:33 Bow Saw
17:01 Heavy Plow
19:29 Loom
19:56 Gold Mining
22:49 Wheelbarrow
22:39 Pikeman
24:47 Hand Cart
26:31 Forging
26:22 Scale Mail Armor
26:48 Ballistics
32:36 Imperial Age
32:58 Heavy Scorpion
34:27 Halberdier
35:31 Murder Holes
35:45 Double Crossbow
39:59 Siege Engineers
40:36 Iron Casting
40:17 Chain Mail Armor
40:19 Arson
akatrikh
10:03 Feudal Age
12:14 Horse Collar
12:44 Double-Bit Axe
15:14 Castle Age
13:24 Loom
13:56 Stone Mining
17:47 Gold Mining
18:35 Stone Shaft Mining
19:04 Gold Mining
19:30 Town Watch
24:09 Bow Saw
27:42 Imperial Age
25:29 Heavy Plow
27:33 Scale Barding Armor
27:40 Forging
33:47 Elite Jarl
36:29 Vendel Legacy
37:14 Husbandry
39:08 Bloodlines
38:19 Cavalier
41:36 Chemistry
40:38 Murder Holes
41:12 Light Cavalry
43:40 Chain Barding Armor
43:55 Iron Casting
De Muijl
9:30 Feudal Age
10:22 Double-Bit Axe
10:18 Horse Collar
15:13 Wheelbarrow
15:58 Loom
18:22 Town Watch
18:55 Gold Mining
19:00 Stone Mining
23:09 Castle Age
22:33 Fletching
22:43 Padded Archer Armor
22:49 Scale Barding Armor
22:54 Forging
22:57 Bloodlines
24:27 Bow Saw
24:17 Heavy Plow
24:56 Gold Shaft Mining
24:41 Hand Cart
24:05 Light Cavalry
24:53 Thumb Ring
24:46 Bodkin Arrow
25:48 Ballistics
30:46 Leather Archer Armor
30:51 Chain Barding Armor
31:07 Iron Casting
33:12 Imperial Age
31:27 Masonry
34:18 Conscription
34:02 Steppe Husbandry
34:38 Hoardings
35:06 Chemistry
35:05 Parthian Tactics
34:16 Hussar
37:07 Ring Archer Armor
37:13 Plate Barding Armor
37:39 Blast Furnace
36:28 Heavy Cavalry Archer
39:13 Guilds
40:07 Two-Man Saw
39:38 Crop Rotation
40:01 Cavalier
42:07 Paladin
DCB
10:12 Feudal Age
14:16 Castle Age
12:10 Double-Bit Axe
14:05 Horse Collar
15:10 Loom
24:51 Wheelbarrow
24:18 Heavy Plow
25:55 Gold Mining
27:12 Bow Saw
26:56 Stone Mining
27:42 Gold Shaft Mining
29:41 Imperial Age
28:38 Hand Cart
28:26 Town Watch
29:40 Kamandaran
29:58 Fletching
30:08 Padded Archer Armor
31:02 Bodkin Arrow
31:31 Conscription
31:41 Thumb Ring
30:58 Crossbowman
32:43 Ballistics
33:23 Chemistry
34:29 Two-Man Saw
33:44 Husbandry
33:55 Bloodlines
34:24 Cavalier
38:19 Scale Barding Armor
38:26 Forging
40:43 Chain Barding Armor
41:00 Iron Casting
40:47 Murder Holes
40:27 Heavy Camel Rider
briantorresr25
10:19 Feudal Age
14:52 Castle Age
13:11 Double-Bit Axe
14:35 Horse Collar
28:18 Fortified Wall
30:58 Imperial Age
29:44 Heavy Plow
29:56 Bow Saw
33:57 Chemistry
33:18 Ballistics
33:57 Wheelbarrow
33:08 Town Watch
34:07 Husbandry
37:39 Hand Cart
37:07 Heavy Camel Rider
40:04 Scale Mail Armor
40:14 Forging
40:11 Scale Barding Armor
40:51 Padded Archer Armor
40:42 Fletching
Connection lost

Rejoining the realm…

Still unreachable

The connection could not be restored.

Session expired

The server has moved on; the page needs a fresh start.